Calgary Flames vs Boston Bruins
Created - Tuesday, November 14, 2023 at 06:58
Goals
|
| Calgary Flames |
2 |
0 |
1 |
3 |
| Boston Bruins |
1 |
2 |
2 |
5 |
|
Shots
|
| Calgary Flames |
9 |
14 |
15 |
38 |
| Boston Bruins |
12 |
9 |
13 |
34 |
|
1st period
1. Calgary Flames , Matthew Tkachuk 27 (J.T. Miller 33, Michael Anderson 5) at 4:00
2. Boston Bruins , Ryan Donato 15 (Charlie McAvoy 34, Phil Kessel 16) at 16:33 (PP)
3. Calgary Flames , J.T. Miller 14 (Valeri Nichushkin 29, Matthew Tkachuk 37) at 16:47
Penalties :
Michael Anderson (CGY) for Tripping (Minor) at 1:42, Joel Eriksson Ek (CGY) for Hooking (Minor) at 9:15, Mathieu Olivier (BOS) for Hooking (Minor) at 13:28, Jeremy Lauzon (CGY) for Slashing (Minor) at 15:55, Sean Durzi (BOS) for Hooking (Minor) at 17:28
2nd period
4. Boston Bruins , Anthony Beauvillier 16 (Pavel Zacha 32) at 5:10 (PP)
5. Boston Bruins , Brandon Hagel 18 (Charlie McAvoy 35, Tyson Barrie 19) at 6:44 (PP)
Penalties :
Mathieu Joseph (CGY) for Slashing (Minor) at 1:32, Rafael Harvey-Pinard (CGY) for Holding (Minor) at 5:06, Rasmus Andersson (CGY) for Holding (Minor) at 5:48, Joel Farabee (BOS) for Tripping (Minor) at 7:29
3rd period
6. Calgary Flames , Zach Hyman 20 (Sebastian Aho 34, Timo Meier 29) at 4:07 (PP)
7. Boston Bruins , Phil Kessel 15 (Joel Farabee 30, Ryan Donato 20) at 11:34 (PP)
8. Boston Bruins , Tyson Barrie 11 (Pavel Zacha 33, Charlie McAvoy 36) at 19:06 (Empty Net)
Penalties :
Brandon Hagel (BOS) for Hooking (Minor) at 3:59, Timo Meier (CGY) for Roughing (Minor) at 11:28, Jeremy Lauzon (CGY) for Interference (Minor) at 12:48
Goalie Stats
Samuel Montembeault (CGY), 29 saves from 33 shots - (0.879), L, 16-12-5, 59:24 minutes
Leevi Merilainen (BOS), 35 saves from 38 shots - (0.921), W, 7-7-3, 60:00 minutes
Players Stats for Calgary Flames
Player Name G A P +/- PIM S H SB GA TA FO MP PP MP PK MP
------------------------------------------------------------------------------------
Drew Doughty 0 0 0 1 0 0 0 1 1 0 0/0 24:19 3:02 5:37
J.T. Miller 1 1 2 1 0 3 1 0 0 0 9/18 17:15 2:59 0:00
Jacob Peterson 0 0 0 0 0 1 0 0 0 0 0/0 6:03 0:00 0:00
Jeff Petry 0 0 0 0 0 1 2 1 0 0 0/0 23:08 3:03 4:32
Jeremy Lauzon 0 0 0 0 4 0 0 2 0 0 0/0 13:06 0:00 0:00
Joel Eriksson Ek 0 0 0 0 2 2 2 0 0 0 3/4 14:12 0:00 3:38
Kris Letang 0 0 0 1 0 2 1 1 0 1 0/0 23:50 3:02 5:08
Logan Couture 0 0 0 0 0 0 1 0 0 0 8/13 12:27 0:00 0:00
Mathieu Joseph 0 0 0 0 2 1 0 0 0 0 0/0 11:03 0:00 3:56
Matthew Tkachuk 1 1 2 1 0 4 3 0 0 1 0/0 18:30 2:59 1:24
Michael Anderson 0 1 1 -1 2 0 1 0 0 0 0/0 16:49 0:00 3:30
Nic Dowd 0 0 0 0 0 0 1 0 0 0 4/9 10:59 0:00 4:41
Rafael Harvey-Pinard 0 0 0 0 2 4 1 0 1 2 0/3 17:05 0:00 4:39
Rasmus Andersson 0 0 0 1 2 0 0 0 0 1 0/0 18:55 3:03 0:33
Sebastian Aho 0 1 1 -1 0 4 1 0 0 2 8/17 15:29 3:06 1:00
Timo Meier 0 1 1 0 2 4 3 0 1 0 0/1 15:34 3:06 0:00
Valeri Nichushkin 0 1 1 2 0 4 0 0 1 1 0/0 17:49 2:59 0:02
Zach Hyman 1 0 1 0 0 8 1 0 1 0 0/1 13:39 3:06 0:00
Players Stats for Boston Bruins
Player Name G A P +/- PIM S H SB GA TA FO MP PP MP PK MP
------------------------------------------------------------------------------------
Anthony Beauvillier 1 0 1 1 0 1 0 0 1 0 0/3 19:59 4:22 3:02
Brandon Hagel 1 0 1 1 2 2 0 0 0 0 2/4 19:54 4:22 2:55
Charlie McAvoy 0 3 3 0 0 2 0 1 1 2 0/0 23:53 4:31 3:13
Dylan Gambrell 0 0 0 0 0 0 0 0 0 0 2/5 8:03 0:00 0:00
Joe Veleno 0 0 0 -1 0 2 0 0 0 0 7/9 11:33 0:00 0:08
Joel Farabee 0 1 1 -1 2 6 2 0 0 1 0/0 17:26 5:18 0:00
John-Jason Peterka 0 0 0 -1 0 4 0 0 0 0 0/0 11:25 0:00 0:00
Joonas Donskoi 0 0 0 0 0 1 0 0 0 0 0/0 8:03 0:00 0:00
Mathieu Olivier 0 0 0 0 2 0 3 1 0 0 0/0 8:05 0:00 0:00
Matt Grzelcyk 0 0 0 -1 0 0 0 0 0 0 0/0 12:45 0:00 0:00
Nicholas Merkley 0 0 0 -1 0 2 2 1 2 0 0/0 11:25 0:00 0:00
Pavel Zacha 0 2 2 1 0 3 2 1 0 0 11/21 20:03 4:22 3:03
Phil Kessel 1 1 2 -1 0 1 1 0 1 0 1/1 20:29 5:18 3:02
Ryan Donato 1 1 2 -1 0 4 0 0 1 0 11/23 17:26 5:18 0:00
Samuel Girard 0 0 0 0 0 1 2 1 1 1 0/0 23:22 5:09 2:52
Sean Durzi 0 0 0 0 2 4 2 0 0 1 0/0 22:24 5:09 1:54
Tyson Barrie 1 1 2 0 0 1 2 0 1 0 0/0 23:53 4:31 3:13
Victor Mete 0 0 0 -1 0 0 0 0 0 0 0/0 13:43 0:00 0:58
3 Stars
1 - Tyson Barrie (BOS)
2 - Matthew Tkachuk (CGY)
3 - Charlie McAvoy (BOS)
Power Play
Calgary Flames - 1 on 4 Attempt(s) - 25.00%
Boston Bruins - 4 on 8 Attempt(s) - 50.00%
Penalty Kill
Calgary Flames - 4 on 8 Attempt(s) - 50.00%
- Score 0 goal in Penalty Kill
Boston Bruins - 3 on 4 Attempt(s) - 75.00%
- Score 0 goal in Penalty Kill
Team Stat
Calgary Flames - Hits : 18 - Faceoff Wins : 32 - Blocked Shots : 5 - Penalty Minutes : 16
Boston Bruins - Hits : 16 - Faceoff Wins : 34 - Blocked Shots : 5 - Penalty Minutes : 8
Official
Referees : Wes McCauley and Rob Martell
Linesman : Jay Sharrers and Brad Lazarowich
Game Notes
Tyson Barrie has scored in a empty net!
Finance
Level 1 -- Attendance: 4313 (71.88%) -- Ticket Income $431,300
Level 2 -- Attendance: 3843 (76.86%) -- Ticket Income $230,580
Level 3 -- Attendance: 2508 (83.60%) -- Ticket Income $87,780
Level 4 -- Attendance: 3854 (77.08%) -- Ticket Income $96,350
Luxury Box -- Attendance: 793 (79.30%) -- Ticket Income $158,600
Game was played at the TD Garden.
Total Attendance: 15311 (76.56%)
Total Ticket Income: $1,004,610
Other Income: $351,614
Total Income: $1,356,224
Calgary Flames
5 vs 5 Forward
Center Left Wing Right Wing Time % Phy DF OF
1 J.T. Miller Matthew Tkachuk Valeri Nichushkin 31 1 2 2
2 Sebastian Aho Zach Hyman Joel Eriksson Ek 30 1 2 2
3 Logan Couture Rafael Harvey-Pinard Timo Meier 29 1 2 2
4 Nic Dowd Jacob Peterson Mathieu Joseph 10 1 2 2
5 vs 5 Defense
Defense Defense Time % Phy DF OF
1 Kris Letang Drew Doughty 35 1 2 2
2 Jeff Petry Rasmus Andersson 35 1 2 2
3 Michael Anderson Jeremy Lauzon 30 1 2 2
4 Kris Letang Drew Doughty 0 1 2 2
PowerPlay Forward
Center Left Wing Right Wing Time % Phy DF OF
1 J.T. Miller Matthew Tkachuk Valeri Nichushkin 50 0 0 5
2 Sebastian Aho Zach Hyman Timo Meier 50 0 0 5
PowerPlay Defense
Defense Defense Time % Phy DF OF
1 Kris Letang Drew Doughty 50 0 2 3
2 Jeff Petry Rasmus Andersson 50 0 2 3
Penalty Kill 4 Players Forward
Center Wing Time % Phy DF OF
1 Joel Eriksson Ek Rafael Harvey-Pinard 50 0 5 0
2 Nic Dowd Mathieu Joseph 50 0 5 0
Penalty Kill 4 Players Defense
Defense Defense Time % Phy DF OF
1 Kris Letang Drew Doughty 50 0 5 0
2 Jeff Petry Michael Anderson 50 0 5 0
Penalty Kill - 3 Players Forward
Forward Time % Phy DF OF
1 J.T. Miller 50 0 5 0
2 Sebastian Aho 50 0 5 0
Penalty Kill - 3 Players Defense
Defense Defense Time % Phy DF OF
1 Kris Letang Drew Doughty 50 0 5 0
2 Jeff Petry Michael Anderson 50 0 5 0
4 vs 4 Forward
Center Wing Time % Phy DF OF
1 J.T. Miller Matthew Tkachuk 50 1 2 2
2 Sebastian Aho Logan Couture 50 1 2 2
4 vs 4 Defense
Defense Defense Time % Phy DF OF
1 Kris Letang Drew Doughty 50 1 2 2
2 Jeff Petry Rasmus Andersson 50 1 2 2
Last Minutes Offensive
Center Left Wing Right Wing Defense Defense
J.T. Miller Matthew Tkachuk Sebastian Aho Kris Letang Drew Doughty
Last Minutes Defensive
Center Left Wing Right Wing Defense Defense
J.T. Miller Sebastian Aho Valeri Nichushkin Kris Letang Drew Doughty
Goaltenders
Starting : Samuel Montembeault
Backup : Ilya Sorokin
Extra Forwards
Normal : Nic Dowd, Joel Eriksson Ek, Mathieu Joseph - PP : Nic Dowd, Joel Eriksson Ek - PK : Mathieu Joseph
Extra Defensemen
Normal : Rasmus Andersson, Michael Anderson, Jeff Petry - PP : Rasmus Andersson - PK : Michael Anderson, Jeff Petry
Penalty Shots
J.T. Miller, Matthew Tkachuk, Sebastian Aho, Logan Couture, Joel Eriksson Ek
Boston Bruins
5 vs 5 Forward
Center Left Wing Right Wing Time % Phy DF OF
1 Pavel Zacha Brandon Hagel Anthony Beauvillier 30 1 2 2
2 Ryan Donato Joel Farabee Phil Kessel 30 1 2 2
3 Joe Veleno John-Jason Peterka Nicholas Merkley 25 1 2 2
4 Dylan Gambrell Joonas Donskoi Mathieu Olivier 15 1 2 2
5 vs 5 Defense
Defense Defense Time % Phy DF OF
1 Charlie McAvoy Tyson Barrie 35 1 2 2
2 Sean Durzi Samuel Girard 35 1 2 2
3 Matt Grzelcyk Victor Mete 30 1 2 2
4 Charlie McAvoy Tyson Barrie 0 1 2 2
PowerPlay Forward
Center Left Wing Right Wing Time % Phy DF OF
1 Pavel Zacha Brandon Hagel Anthony Beauvillier 50 1 2 2
2 Ryan Donato Joel Farabee Phil Kessel 50 1 2 2
PowerPlay Defense
Defense Defense Time % Phy DF OF
1 Charlie McAvoy Tyson Barrie 50 1 2 2
2 Sean Durzi Samuel Girard 50 1 2 2
Penalty Kill 4 Players Forward
Center Wing Time % Phy DF OF
1 Brandon Hagel Pavel Zacha 50 1 2 2
2 Anthony Beauvillier Phil Kessel 50 1 2 2
Penalty Kill 4 Players Defense
Defense Defense Time % Phy DF OF
1 Charlie McAvoy Tyson Barrie 50 1 2 2
2 Sean Durzi Samuel Girard 50 1 2 2
Penalty Kill - 3 Players Forward
Forward Time % Phy DF OF
1 Brandon Hagel 50 1 2 2
2 Pavel Zacha 50 1 2 2
Penalty Kill - 3 Players Defense
Defense Defense Time % Phy DF OF
1 Charlie McAvoy Tyson Barrie 50 1 2 2
2 Sean Durzi Samuel Girard 50 1 2 2
4 vs 4 Forward
Center Wing Time % Phy DF OF
1 Brandon Hagel Pavel Zacha 50 1 2 2
2 Anthony Beauvillier Phil Kessel 50 1 2 2
4 vs 4 Defense
Defense Defense Time % Phy DF OF
1 Charlie McAvoy Tyson Barrie 50 1 2 2
2 Sean Durzi Samuel Girard 50 1 2 2
Last Minutes Offensive
Center Left Wing Right Wing Defense Defense
Pavel Zacha Brandon Hagel Anthony Beauvillier Charlie McAvoy Tyson Barrie
Last Minutes Defensive
Center Left Wing Right Wing Defense Defense
Pavel Zacha Brandon Hagel Anthony Beauvillier Charlie McAvoy Tyson Barrie
Goaltenders
Starting : Leevi Merilainen
Backup : Kyle Keyser
Extra Forwards
Normal : John-Jason Peterka, Nicholas Merkley, Joe Veleno - PP : John-Jason Peterka, Nicholas Merkley - PK : Joe Veleno
Extra Defensemen
Normal : Matt Grzelcyk, Victor Mete, Sean Durzi - PP : Matt Grzelcyk - PK : Victor Mete, Sean Durzi
Penalty Shots
Brandon Hagel, Pavel Zacha, Anthony Beauvillier, Phil Kessel, Joel Farabee
% Time on Ice - Calgary Flames
Lines # - Real PCT - Wanted PCT - Time Play
Normal Forward
1 - 32% - 31% - 13:58
2 - 26% - 30% - 11:38
3 - 28% - 29% - 12:27
4 - 14% - 10% - 6:03
Normal Defense
1 - 36% - 35% - 15:40
2 - 35% - 35% - 15:24
3 - 30% - 30% - 13:02
4 - 0% - 0% - 0:00
PP Forward
1 - 49% - 50% - 2:59
2 - 51% - 50% - 3:06
PP Defense
1 - 50% - 50% - 3:02
2 - 50% - 50% - 3:03
PK Forward
1 - 50% - 50% - 4:48
2 - 50% - 50% - 4:52
PK Defense
1 - 51% - 50% - 4:56
2 - 49% - 50% - 4:44
PK3 Forward
1 - 0% - 50%
2 - 0% - 50%
PK3 Defense
1 - 0% - 50%
2 - 0% - 50%
44 Forward
1 - 0% - 50%
2 - 0% - 50%
44 Defense
1 - 0% - 50%
2 - 0% - 50%
Last Minute Offensive - 0:09
Last Minute Defensive - 0:00
Total
Forward - 60:00
Defense - 60:00
|
% Time on Ice - Boston Bruins
Lines # - Real PCT - Wanted PCT - Time Play
Normal Forward
1 - 28% - 30% - 12:30
2 - 28% - 30% - 12:09
3 - 26% - 25% - 11:25
4 - 18% - 15% - 8:03
Normal Defense
1 - 36% - 35% - 16:01
2 - 35% - 35% - 15:21
3 - 29% - 30% - 12:45
4 - 0% - 0% - 0:00
PP Forward
1 - 45% - 50% - 4:22
2 - 55% - 50% - 5:18
PP Defense
1 - 47% - 50% - 4:31
2 - 53% - 50% - 5:09
PK Forward
1 - 50% - 50% - 3:03
2 - 50% - 50% - 3:02
PK Defense
1 - 53% - 50% - 3:13
2 - 47% - 50% - 2:52
PK3 Forward
1 - 0% - 50%
2 - 0% - 50%
PK3 Defense
1 - 0% - 50%
2 - 0% - 50%
44 Forward
1 - 0% - 50%
2 - 0% - 50%
44 Defense
1 - 0% - 50%
2 - 0% - 50%
Last Minute Offensive - 0:00
Last Minute Defensive - 0:08
Total
Forward - 60:00
Defense - 60:00
|
Play-by-Play
1st period
0:01 of 1st period - Pavel Zacha wins face-off versus J.T. Miller in neutral zone.
0:06 of 1st period - Snap shot by Anthony Beauvillier.
0:06 of 1st period - Shot Blocked by Drew Doughty.
0:26 of 1st period - J.T. Miller is hit by Nicholas Merkley and loses puck.
0:45 of 1st period - Snap shot by Valeri Nichushkin.
0:45 of 1st period - Stopped by Leevi Merilainen without a rebound.
0:46 of 1st period - Ryan Donato wins face-off versus Sebastian Aho in Boston Bruins zone.
0:46 of 1st period - Ryan Donato is hit by Zach Hyman.
0:54 of 1st period - Snap shot by Phil Kessel.
0:54 of 1st period - Shot Misses the Net.
0:56 of 1st period - Snap shot by Sean Durzi.
0:56 of 1st period - Shot Misses the Net.
0:58 of 1st period - Wrist shot by Joel Farabee.
0:58 of 1st period - Deflect By Phil Kessel.
0:58 of 1st period - Shot Blocked by Jeremy Lauzon.
0:58 of 1st period - Puck is out of play.
0:59 of 1st period - Logan Couture wins face-off versus Dylan Gambrell in Calgary Flames zone.
0:59 of 1st period - Logan Couture is hit by Mathieu Olivier.
1:42 of 1st period - Minor Penalty to Michael Anderson for Tripping.
1:43 of 1st period - Pavel Zacha wins face-off versus Joel Eriksson Ek in Calgary Flames zone.
2:46 of 1st period - Rafael Harvey-Pinard is hit by Samuel Girard and loses puck.
3:42 of 1st period - Penalty to Michael Anderson is over, Michael Anderson is back on ice.
4:00 of 1st period - Snap shot by Matthew Tkachuk.
4:00 of 1st period - Goal by Matthew Tkachuk - Calgary Flames : 1 - Boston Bruins : 0.
4:01 of 1st period - Logan Couture wins face-off versus Pavel Zacha in neutral zone.
4:11 of 1st period - Wrist shot by Timo Meier.
4:11 of 1st period - Deflect By Rafael Harvey-Pinard.
4:11 of 1st period - Shot Misses the Net.
4:11 of 1st period - Puck is out of play.
4:12 of 1st period - Logan Couture wins face-off versus Pavel Zacha in Boston Bruins zone.
5:08 of 1st period - Slapshot by Sean Durzi.
5:08 of 1st period - Stopped by Samuel Montembeault with a rebound.
5:10 of 1st period - Slapshot by John-Jason Peterka.
5:10 of 1st period - Deflect By Joe Veleno.
5:10 of 1st period - Stopped by Samuel Montembeault without a rebound.
5:11 of 1st period - Pavel Zacha wins face-off versus Logan Couture in Calgary Flames zone.
6:03 of 1st period - Backhand shot by Mathieu Joseph.
6:03 of 1st period - Stopped by Leevi Merilainen with a rebound.
6:37 of 1st period - Wrist shot by Pavel Zacha.
6:37 of 1st period - Stopped by Samuel Montembeault without a rebound.
6:38 of 1st period - Logan Couture wins face-off versus Pavel Zacha in Calgary Flames zone.
6:38 of 1st period - Logan Couture is hit by Tyson Barrie.
6:48 of 1st period - Brandon Hagel is hit by Michael Anderson and loses puck.
7:03 of 1st period - Phil Kessel is hit by Joel Eriksson Ek.
7:07 of 1st period - Backhand shot by Joel Farabee.
7:07 of 1st period - Stopped by Samuel Montembeault with a rebound.
7:09 of 1st period - Snap shot by Ryan Donato.
7:09 of 1st period - Stopped by Samuel Montembeault without a rebound.
7:10 of 1st period - Sebastian Aho wins face-off versus Ryan Donato in Calgary Flames zone.
7:14 of 1st period - Off-side.
7:15 of 1st period - J.T. Miller wins face-off versus Ryan Donato in neutral zone.
7:20 of 1st period - Ryan Donato is hit by J.T. Miller and loses puck.
8:03 of 1st period - Snap shot by Sebastian Aho.
8:03 of 1st period - Shot Misses the Net.
8:05 of 1st period - Slapshot by Jeff Petry.
8:05 of 1st period - Shot Misses the Net.
8:07 of 1st period - Wrist shot by Logan Couture.
8:07 of 1st period - Shot Misses the Net.
8:09 of 1st period - Slapshot by Rasmus Andersson.
8:09 of 1st period - Shot Hit the Post.
8:11 of 1st period - Snap shot by Rafael Harvey-Pinard.
8:11 of 1st period - Stopped by Leevi Merilainen without a rebound.
8:12 of 1st period - J.T. Miller wins face-off versus Dylan Gambrell in Boston Bruins zone.
8:47 of 1st period - Slapshot by Timo Meier.
8:47 of 1st period - Shot Blocked by Pavel Zacha.
8:49 of 1st period - Slapshot by Rafael Harvey-Pinard.
8:49 of 1st period - Stopped by Leevi Merilainen without a rebound.
8:50 of 1st period - Sebastian Aho wins face-off versus Joe Veleno in Boston Bruins zone.
8:58 of 1st period - Off-side.
8:59 of 1st period - Joe Veleno wins face-off versus Sebastian Aho in neutral zone.
9:04 of 1st period - Samuel Girard is hit by Kris Letang.
9:15 of 1st period - Minor Penalty to Joel Eriksson Ek for Hooking.
9:16 of 1st period - Nic Dowd wins face-off versus Pavel Zacha in Calgary Flames zone.
9:26 of 1st period - Backhand shot by Pavel Zacha.
9:26 of 1st period - Shot Misses the Net.
9:28 of 1st period - Slapshot by Samuel Girard.
9:28 of 1st period - Stopped by Samuel Montembeault without a rebound.
9:29 of 1st period - Ryan Donato wins face-off versus Nic Dowd in Calgary Flames zone.
11:15 of 1st period - Penalty to Joel Eriksson Ek is over, Joel Eriksson Ek is back on ice.
11:44 of 1st period - Victor Mete is hit by Rafael Harvey-Pinard and loses puck.
11:57 of 1st period - Matt Grzelcyk is hit by Sebastian Aho and loses puck.
12:22 of 1st period - Backhand shot by Timo Meier.
12:22 of 1st period - Stopped by Leevi Merilainen with a rebound.
12:36 of 1st period - Mathieu Joseph is hit by Pavel Zacha and loses puck.
12:51 of 1st period - Joe Veleno is hit by Joel Eriksson Ek and loses puck.
13:06 of 1st period - Wrist shot by Valeri Nichushkin.
13:06 of 1st period - Stopped by Leevi Merilainen without a rebound.
13:07 of 1st period - Logan Couture wins face-off versus Dylan Gambrell in Boston Bruins zone.
13:14 of 1st period - Slapshot by Timo Meier.
13:14 of 1st period - Shot Blocked by Samuel Girard.
13:16 of 1st period - Slapshot by Kris Letang.
13:16 of 1st period - Shot Misses the Net.
13:28 of 1st period - Minor Penalty to Mathieu Olivier for Hooking.
13:29 of 1st period - J.T. Miller wins face-off versus Brandon Hagel in Boston Bruins zone.
15:28 of 1st period - Penalty to Mathieu Olivier is over, Mathieu Olivier is back on ice.
15:36 of 1st period - Slapshot by John-Jason Peterka.
15:36 of 1st period - Shot Misses the Net.
15:38 of 1st period - Snap shot by John-Jason Peterka.
15:38 of 1st period - Shot Misses the Net.
15:40 of 1st period - Snap shot by Joe Veleno.
15:40 of 1st period - Stopped by Samuel Montembeault with a rebound.
15:42 of 1st period - Wrist shot by Nicholas Merkley.
15:42 of 1st period - Stopped by Samuel Montembeault without a rebound.
15:43 of 1st period - Joe Veleno wins face-off versus Nic Dowd in Calgary Flames zone.
15:44 of 1st period - Snap shot by John-Jason Peterka.
15:44 of 1st period - Shot Misses the Net.
15:46 of 1st period - Snap shot by Joe Veleno.
15:46 of 1st period - Shot Misses the Net.
15:48 of 1st period - Wrist shot by Nicholas Merkley.
15:48 of 1st period - Stopped by Samuel Montembeault with a rebound.
15:55 of 1st period - Minor Penalty to Jeremy Lauzon for Slashing.
15:56 of 1st period - Nic Dowd wins face-off versus Pavel Zacha in Calgary Flames zone.
16:27 of 1st period - Off-side.
16:28 of 1st period - Ryan Donato wins face-off versus Nic Dowd in neutral zone.
16:33 of 1st period - Slapshot by Charlie McAvoy.
16:33 of 1st period - Deflect By Ryan Donato.
16:33 of 1st period - Goal by Ryan Donato - Calgary Flames : 1 - Boston Bruins : 1.
16:34 of 1st period - J.T. Miller wins face-off versus Ryan Donato in neutral zone.
16:47 of 1st period - Snap shot by J.T. Miller.
16:47 of 1st period - Goal by J.T. Miller - Calgary Flames : 2 - Boston Bruins : 1.
16:48 of 1st period - Sebastian Aho wins face-off versus Pavel Zacha in neutral zone.
17:28 of 1st period - Minor Penalty to Sean Durzi for Hooking.
17:29 of 1st period - Sebastian Aho wins face-off versus Anthony Beauvillier in Boston Bruins zone.
18:01 of 1st period - Wrist shot by Valeri Nichushkin.
18:01 of 1st period - Stopped by Leevi Merilainen without a rebound.
18:02 of 1st period - Brandon Hagel wins face-off versus J.T. Miller in Boston Bruins zone.
18:12 of 1st period - Off-side.
18:13 of 1st period - Sebastian Aho wins face-off versus Anthony Beauvillier in neutral zone.
19:28 of 1st period - Penalty to Sean Durzi is over, Sean Durzi is back on ice.
19:34 of 1st period - Mathieu Joseph is hit by Tyson Barrie and loses puck.
19:41 of 1st period - Snap shot by John-Jason Peterka.
19:41 of 1st period - Stopped by Samuel Montembeault with a rebound.
19:43 of 1st period - Snap shot by John-Jason Peterka.
19:43 of 1st period - Shot Misses the Net.
19:45 of 1st period - Snap shot by John-Jason Peterka.
19:45 of 1st period - Stopped by Samuel Montembeault with a rebound.
Goals for this period are 2 for Calgary Flames vs 1 for Boston Bruins.
Shots for this period are 9 for Calgary Flames vs 12 for Boston Bruins.
2nd period
0:01 of 2nd period - Ryan Donato wins face-off versus Logan Couture in neutral zone.
0:13 of 2nd period - Wrist shot by Timo Meier.
0:13 of 2nd period - Stopped by Leevi Merilainen without a rebound.
0:14 of 2nd period - Sebastian Aho wins face-off versus Pavel Zacha in Boston Bruins zone.
0:23 of 2nd period - Snap shot by Joel Eriksson Ek.
0:23 of 2nd period - Stopped by Leevi Merilainen without a rebound.
0:24 of 2nd period - Sebastian Aho wins face-off versus Brandon Hagel in Boston Bruins zone.
0:25 of 2nd period - Wrist shot by Zach Hyman.
0:25 of 2nd period - Stopped by Leevi Merilainen without a rebound.
0:26 of 2nd period - Ryan Donato wins face-off versus J.T. Miller in Boston Bruins zone.
0:51 of 2nd period - Pavel Zacha is hit by Timo Meier and loses puck.
1:00 of 2nd period - Slapshot by Pavel Zacha.
1:00 of 2nd period - Stopped by Samuel Montembeault with a rebound.
1:24 of 2nd period - Slapshot by Kris Letang.
1:24 of 2nd period - Shot Misses the Net.
1:32 of 2nd period - Minor Penalty to Mathieu Joseph for Slashing.
1:33 of 2nd period - Nic Dowd wins face-off versus Ryan Donato in Calgary Flames zone.
2:56 of 2nd period - Nic Dowd is hit by Pavel Zacha and loses puck.
3:32 of 2nd period - Penalty to Mathieu Joseph is over, Mathieu Joseph is back on ice.
5:06 of 2nd period - Minor Penalty to Rafael Harvey-Pinard for Holding.
5:07 of 2nd period - Pavel Zacha wins face-off versus Nic Dowd in Calgary Flames zone.
5:10 of 2nd period - Wrist shot by Anthony Beauvillier.
5:10 of 2nd period - Goal by Anthony Beauvillier - Calgary Flames : 2 - Boston Bruins : 2.
5:11 of 2nd period - J.T. Miller wins face-off versus Ryan Donato in neutral zone.
5:48 of 2nd period - Minor Penalty to Rasmus Andersson for Holding.
5:49 of 2nd period - Phil Kessel wins face-off versus Rafael Harvey-Pinard in Calgary Flames zone.
6:03 of 2nd period - Wrist shot by Charlie McAvoy.
6:03 of 2nd period - Stopped by Samuel Montembeault with a rebound.
6:05 of 2nd period - Slapshot by Charlie McAvoy.
6:05 of 2nd period - Shot Blocked by Kris Letang.
6:26 of 2nd period - Icing by Brandon Hagel.
6:27 of 2nd period - Nic Dowd wins face-off versus Anthony Beauvillier in Boston Bruins zone.
6:30 of 2nd period - Snap shot by Mathieu Joseph.
6:30 of 2nd period - Shot Misses the Net.
6:36 of 2nd period - Slapshot by Tyson Barrie.
6:36 of 2nd period - Shot Misses the Net.
6:38 of 2nd period - Backhand shot by Charlie McAvoy.
6:38 of 2nd period - Deflect By Jeff Petry.
6:38 of 2nd period - Stopped by Samuel Montembeault with a rebound.
6:40 of 2nd period - Slapshot by Charlie McAvoy.
6:40 of 2nd period - Shot Blocked by Jeff Petry.
6:42 of 2nd period - Snap shot by Brandon Hagel.
6:42 of 2nd period - Stopped by Samuel Montembeault with a rebound.
6:44 of 2nd period - Slapshot by Brandon Hagel.
6:44 of 2nd period - Goal by Brandon Hagel - Calgary Flames : 2 - Boston Bruins : 3.
6:45 of 2nd period - Ryan Donato wins face-off versus J.T. Miller in neutral zone.
7:02 of 2nd period - Wrist shot by Matthew Tkachuk.
7:02 of 2nd period - Stopped by Leevi Merilainen without a rebound.
7:03 of 2nd period - Pavel Zacha wins face-off versus Sebastian Aho in Boston Bruins zone.
7:29 of 2nd period - Minor Penalty to Joel Farabee for Tripping.
7:30 of 2nd period - Brandon Hagel wins face-off versus Sebastian Aho in Boston Bruins zone.
8:11 of 2nd period - Snap shot by Kris Letang.
8:11 of 2nd period - Stopped by Leevi Merilainen with a rebound.
9:29 of 2nd period - Penalty to Joel Farabee is over, Joel Farabee is back on ice.
9:50 of 2nd period - Matt Grzelcyk is hit by Nic Dowd and loses puck.
9:54 of 2nd period - Icing by Nicholas Merkley.
9:55 of 2nd period - Logan Couture wins face-off versus Joe Veleno in Boston Bruins zone.
10:42 of 2nd period - Backhand shot by Joonas Donskoi.
10:42 of 2nd period - Stopped by Samuel Montembeault with a rebound.
11:00 of 2nd period - Snap shot by Zach Hyman.
11:00 of 2nd period - Stopped by Leevi Merilainen with a rebound.
11:02 of 2nd period - Snap shot by Jeff Petry.
11:02 of 2nd period - Shot Blocked by Mathieu Olivier.
11:04 of 2nd period - Snap shot by Zach Hyman.
11:04 of 2nd period - Stopped by Leevi Merilainen with a rebound.
11:22 of 2nd period - Slapshot by Joel Farabee.
11:22 of 2nd period - Shot Misses the Net.
12:16 of 2nd period - Snap shot by Zach Hyman.
12:16 of 2nd period - Shot Misses the Net.
12:18 of 2nd period - Snap shot by Sebastian Aho.
12:18 of 2nd period - Stopped by Leevi Merilainen with a rebound.
12:40 of 2nd period - Samuel Girard is hit by Jeff Petry and loses puck.
13:18 of 2nd period - Backhand shot by Kris Letang.
13:18 of 2nd period - Stopped by Leevi Merilainen without a rebound.
13:19 of 2nd period - Pavel Zacha wins face-off versus Sebastian Aho in Boston Bruins zone.
13:30 of 2nd period - Snap shot by Sebastian Aho.
13:30 of 2nd period - Stopped by Leevi Merilainen without a rebound.
13:31 of 2nd period - J.T. Miller wins face-off versus Ryan Donato in Boston Bruins zone.
13:38 of 2nd period - Snap shot by J.T. Miller.
13:38 of 2nd period - Shot Misses the Net.
13:40 of 2nd period - Slapshot by Drew Doughty.
13:40 of 2nd period - Shot Misses the Net.
13:42 of 2nd period - Wrist shot by Kris Letang.
13:42 of 2nd period - Shot Blocked by Charlie McAvoy.
13:44 of 2nd period - Wrist shot by Valeri Nichushkin.
13:44 of 2nd period - Stopped by Leevi Merilainen without a rebound.
13:45 of 2nd period - Pavel Zacha wins face-off versus J.T. Miller in Boston Bruins zone.
13:45 of 2nd period - Pavel Zacha is hit by Matthew Tkachuk.
14:11 of 2nd period - Rasmus Andersson is hit by Joel Farabee and loses puck.
15:05 of 2nd period - Kris Letang is hit by Sean Durzi.
15:48 of 2nd period - Snap shot by Pavel Zacha.
15:48 of 2nd period - Stopped by Samuel Montembeault with a rebound.
16:02 of 2nd period - Snap shot by Nicholas Merkley.
16:02 of 2nd period - Shot Misses the Net.
16:04 of 2nd period - Wrist shot by Nicholas Merkley.
16:04 of 2nd period - Shot Blocked by Jeremy Lauzon.
16:40 of 2nd period - Wrist shot by Timo Meier.
16:40 of 2nd period - Stopped by Leevi Merilainen with a rebound.
16:42 of 2nd period - Slapshot by Rasmus Andersson.
16:42 of 2nd period - Shot Misses the Net.
16:44 of 2nd period - Slapshot by Jeff Petry.
16:44 of 2nd period - Stopped by Leevi Merilainen with a rebound.
16:46 of 2nd period - Wrist shot by Rafael Harvey-Pinard.
16:46 of 2nd period - Shot Misses the Net.
16:48 of 2nd period - Slapshot by Timo Meier.
16:48 of 2nd period - Shot Misses the Net.
16:50 of 2nd period - Wrist shot by Rafael Harvey-Pinard.
16:50 of 2nd period - Stopped by Leevi Merilainen without a rebound.
16:51 of 2nd period - J.T. Miller wins face-off versus Pavel Zacha in Boston Bruins zone.
17:23 of 2nd period - Wrist shot by Joel Farabee.
17:23 of 2nd period - Stopped by Samuel Montembeault with a rebound.
17:36 of 2nd period - Kris Letang is hit by Sean Durzi and loses puck.
18:34 of 2nd period - Nic Dowd is hit by Samuel Girard and loses puck.
19:20 of 2nd period - Tyson Barrie is hit by Matthew Tkachuk and loses puck.
19:54 of 2nd period - Jacob Peterson is hit by Nicholas Merkley and loses puck.
Goals for this period are 0 for Calgary Flames vs 2 for Boston Bruins.
Shots for this period are 14 for Calgary Flames vs 9 for Boston Bruins.
3rd period
0:01 of 3rd period - Ryan Donato wins face-off versus Logan Couture in neutral zone.
0:37 of 3rd period - Wrist shot by Matthew Tkachuk.
0:37 of 3rd period - Stopped by Leevi Merilainen without a rebound.
0:38 of 3rd period - Sebastian Aho wins face-off versus Ryan Donato in Boston Bruins zone.
0:45 of 3rd period - Slapshot by Sebastian Aho.
0:45 of 3rd period - Stopped by Leevi Merilainen without a rebound.
0:46 of 3rd period - Ryan Donato wins face-off versus Sebastian Aho in Boston Bruins zone.
0:53 of 3rd period - Sebastian Aho is hit by Phil Kessel and loses puck.
1:32 of 3rd period - Snap shot by Zach Hyman.
1:32 of 3rd period - Stopped by Leevi Merilainen without a rebound.
1:33 of 3rd period - J.T. Miller wins face-off versus Pavel Zacha in Boston Bruins zone.
2:00 of 3rd period - Tyson Barrie is hit by Timo Meier.
3:01 of 3rd period - Wrist shot by Zach Hyman.
3:01 of 3rd period - Stopped by Leevi Merilainen with a rebound.
3:03 of 3rd period - Wrist shot by Joel Eriksson Ek.
3:03 of 3rd period - Stopped by Leevi Merilainen with a rebound.
3:59 of 3rd period - Minor Penalty to Brandon Hagel for Hooking.
4:00 of 3rd period - Joe Veleno wins face-off versus Sebastian Aho in Boston Bruins zone.
4:07 of 3rd period - Snap shot by Zach Hyman.
4:07 of 3rd period - Deflect By Joe Veleno.
4:07 of 3rd period - Goal by Zach Hyman - Calgary Flames : 3 - Boston Bruins : 3.
4:08 of 3rd period - J.T. Miller wins face-off versus Pavel Zacha in neutral zone.
4:34 of 3rd period - J.T. Miller is hit by Joel Farabee and loses puck.
5:27 of 3rd period - Slapshot by Sebastian Aho.
5:27 of 3rd period - Stopped by Leevi Merilainen without a rebound.
5:28 of 3rd period - Pavel Zacha wins face-off versus Timo Meier in Boston Bruins zone.
6:02 of 3rd period - Snap shot by Tyson Barrie.
6:02 of 3rd period - Deflect By Ryan Donato.
6:02 of 3rd period - Deflect By Sebastian Aho.
6:02 of 3rd period - Stopped by Samuel Montembeault with a rebound.
6:22 of 3rd period - Slapshot by Charlie McAvoy.
6:22 of 3rd period - Shot Misses the Net.
6:24 of 3rd period - Slapshot by Charlie McAvoy.
6:24 of 3rd period - Deflect By John-Jason Peterka.
6:24 of 3rd period - Stopped by Samuel Montembeault with a rebound.
6:44 of 3rd period - Slapshot by Jacob Peterson.
6:44 of 3rd period - Stopped by Leevi Merilainen without a rebound.
6:45 of 3rd period - Pavel Zacha wins face-off versus Rafael Harvey-Pinard in Boston Bruins zone.
7:19 of 3rd period - Snap shot by Zach Hyman.
7:19 of 3rd period - Stopped by Leevi Merilainen with a rebound.
7:21 of 3rd period - Snap shot by Zach Hyman.
7:21 of 3rd period - Shot Misses the Net.
7:23 of 3rd period - Snap shot by Sebastian Aho.
7:23 of 3rd period - Shot Misses the Net.
8:36 of 3rd period - Wrist shot by Zach Hyman.
8:36 of 3rd period - Stopped by Leevi Merilainen with a rebound.
8:38 of 3rd period - Backhand shot by Drew Doughty.
8:38 of 3rd period - Deflect By Joel Eriksson Ek.
8:38 of 3rd period - Shot Misses the Net.
8:38 of 3rd period - Puck is out of play.
8:39 of 3rd period - Ryan Donato wins face-off versus Zach Hyman in Boston Bruins zone.
8:48 of 3rd period - Wrist shot by Phil Kessel.
8:48 of 3rd period - Shot Misses the Net.
8:54 of 3rd period - Wrist shot by Joel Farabee.
8:54 of 3rd period - Stopped by Samuel Montembeault with a rebound.
9:08 of 3rd period - Off-side.
9:09 of 3rd period - Pavel Zacha wins face-off versus J.T. Miller in neutral zone.
9:27 of 3rd period - Anthony Beauvillier is hit by Matthew Tkachuk and loses puck.
9:34 of 3rd period - Snap shot by Matthew Tkachuk.
9:34 of 3rd period - Shot Misses the Net.
9:36 of 3rd period - Snap shot by Matthew Tkachuk.
9:36 of 3rd period - Stopped by Leevi Merilainen with a rebound.
9:38 of 3rd period - Snap shot by Valeri Nichushkin.
9:38 of 3rd period - Shot Misses the Net.
10:54 of 3rd period - Off-side.
10:55 of 3rd period - Logan Couture wins face-off versus Ryan Donato in neutral zone.
11:04 of 3rd period - Slapshot by Timo Meier.
11:04 of 3rd period - Shot Hit the Post.
11:06 of 3rd period - Snap shot by Rafael Harvey-Pinard.
11:06 of 3rd period - Stopped by Leevi Merilainen without a rebound.
11:07 of 3rd period - Logan Couture wins face-off versus Ryan Donato in Boston Bruins zone.
11:18 of 3rd period - Wrist shot by Phil Kessel.
11:18 of 3rd period - Shot Misses the Net.
11:20 of 3rd period - Snap shot by Joel Farabee.
11:20 of 3rd period - Stopped by Samuel Montembeault with a rebound.
11:28 of 3rd period - Minor Penalty to Timo Meier for Roughing.
11:29 of 3rd period - Joel Eriksson Ek wins face-off versus Ryan Donato in Calgary Flames zone.
11:34 of 3rd period - Snap shot by Joel Farabee.
11:34 of 3rd period - Deflect By Phil Kessel.
11:34 of 3rd period - Goal by Phil Kessel - Calgary Flames : 3 - Boston Bruins : 4.
11:35 of 3rd period - Ryan Donato wins face-off versus Sebastian Aho in neutral zone.
12:02 of 3rd period - Nicholas Merkley is hit by Logan Couture and loses puck.
12:31 of 3rd period - Slapshot by Sean Durzi.
12:31 of 3rd period - Stopped by Samuel Montembeault without a rebound.
12:32 of 3rd period - Ryan Donato wins face-off versus Sebastian Aho in Calgary Flames zone.
12:48 of 3rd period - Minor Penalty to Jeremy Lauzon for Interference.
12:49 of 3rd period - Joel Eriksson Ek wins face-off versus Ryan Donato in Calgary Flames zone.
12:53 of 3rd period - Slapshot by Jeff Petry.
12:53 of 3rd period - Deflect By Joel Eriksson Ek.
12:53 of 3rd period - Shot Misses the Net.
12:53 of 3rd period - Puck is out of play.
12:54 of 3rd period - Joel Eriksson Ek wins face-off versus Ryan Donato in Boston Bruins zone.
14:13 of 3rd period - Snap shot by Joel Farabee.
14:13 of 3rd period - Shot Misses the Net.
14:15 of 3rd period - Slapshot by Sean Durzi.
14:15 of 3rd period - Stopped by Samuel Montembeault with a rebound.
14:17 of 3rd period - Snap shot by Ryan Donato.
14:17 of 3rd period - Stopped by Samuel Montembeault with a rebound.
14:19 of 3rd period - Wrist shot by Sean Durzi.
14:19 of 3rd period - Stopped by Samuel Montembeault with a rebound.
14:21 of 3rd period - Wrist shot by Joel Farabee.
14:21 of 3rd period - Stopped by Samuel Montembeault without a rebound.
14:22 of 3rd period - Pavel Zacha wins face-off versus Nic Dowd in Calgary Flames zone.
14:48 of 3rd period - Penalty to Jeremy Lauzon is over, Jeremy Lauzon is back on ice.
15:07 of 3rd period - Wrist shot by J.T. Miller.
15:07 of 3rd period - Shot Blocked by Nicholas Merkley.
15:09 of 3rd period - Wrist shot by J.T. Miller.
15:09 of 3rd period - Stopped by Leevi Merilainen without a rebound.
15:10 of 3rd period - Dylan Gambrell wins face-off versus Logan Couture in Boston Bruins zone.
15:10 of 3rd period - Dylan Gambrell is hit by Jeff Petry.
15:16 of 3rd period - Rasmus Andersson is hit by Mathieu Olivier and loses puck.
15:25 of 3rd period - Timo Meier is hit by Mathieu Olivier.
15:47 of 3rd period - Wrist shot by Valeri Nichushkin.
15:47 of 3rd period - Deflect By J.T. Miller.
15:47 of 3rd period - Stopped by Leevi Merilainen without a rebound.
15:48 of 3rd period - Joe Veleno wins face-off versus J.T. Miller in Boston Bruins zone.
16:24 of 3rd period - Wrist shot by Timo Meier.
16:24 of 3rd period - Stopped by Leevi Merilainen without a rebound.
16:25 of 3rd period - Dylan Gambrell wins face-off versus Logan Couture in Boston Bruins zone.
16:49 of 3rd period - Icing by Logan Couture.
16:50 of 3rd period - Joe Veleno wins face-off versus J.T. Miller in Calgary Flames zone.
16:53 of 3rd period - Wrist shot by John-Jason Peterka.
16:53 of 3rd period - Stopped by Samuel Montembeault without a rebound.
16:54 of 3rd period - Joe Veleno wins face-off versus J.T. Miller in Calgary Flames zone.
17:21 of 3rd period - Joonas Donskoi is hit by Timo Meier and loses puck.
18:30 of 3rd period - Calgary Flames, Samuel Montembeault is pulled from the net.
19:06 of 3rd period - Slapshot by Tyson Barrie.
19:06 of 3rd period - Goal by Tyson Barrie - Calgary Flames : 3 - Boston Bruins : 5.
19:06 of 3rd period - Samuel Montembeault from Calgary Flames was sent back in the game.
19:07 of 3rd period - Joe Veleno wins face-off versus Rafael Harvey-Pinard in neutral zone.
19:53 of 3rd period - Wrist shot by Joel Farabee.
19:53 of 3rd period - Stopped by Samuel Montembeault with a rebound.
Goals for this period are 1 for Calgary Flames vs 2 for Boston Bruins.
Shots for this period are 15 for Calgary Flames vs 13 for Boston Bruins.
Back to the Top